 Dungeon Crawl Stone Soup version 0.25-a0-294-gea9b1ad378 (webtiles) character file.

Game seed: 6786496802629311377, levelgen mode: classic

403 Borgoz the Slasher (level 6, 0/39 HPs)
             Began as a Gargoyle Berserker on Dec 19, 2019.
             Was a Believer of Trog.
             Slain by a black bear (2 damage)
             ... on level 4 of the Dungeon.
             The game lasted 00:04:07 (3716 turns).

Borgoz the Slasher (Gargoyle Berserker)             Turns: 3716, Time: 00:04:07

Health: 0/39       AC: 14    Str: 21    XL:     6   Next: 86%
Magic:  6/6        EV: 12    Int:  7    God:    Trog [**....]
Gold:   176        SH:  0    Dex: 11    Spells: 5/5 levels left

rFire    . . .     SeeInvis .   d - +0 long sword
rCold    . . .     Gourm    .   (no shield)
rNeg     + . .     Faith    .   o - +3 leather armour
rPois    ∞         Spirit   .   s - +0 helmet
rElec    +         Reflect  .   i - +0 cloak
rCorr    .         Harm     .   (no gloves)
MR       .....                  n - +0 pair of boots
Stlth    +.........             (no amulet)
HPRegen  0.13/turn              (no ring)
MPRegen  0.10/turn              (no ring)

@: berserk cooldown, flying, slowed, very slow
A: negative energy resistance 1, electricity resistance, unbreathing,
petrification resistance, rot immunity, AC +4
a: Berserk, Trog's Hand, Renounce Religion


You were on level 4 of the Dungeon.
You worshipped Trog.
Trog was pleased with you.
You were hungry.

You visited 2 branches of the dungeon, and saw 5 of its levels.

You collected 176 gold pieces.

Inventory:

Hand Weapons
 d - a +0 long sword (weapon)
Armour
 i - a +0 cloak (worn)
 n - a +0 pair of boots (worn)
 o - a +3 leather armour (worn)
 s - a +0 helmet (worn)
Jewellery
 r - an uncursed amulet of the acrobat {unknown}
Wands
 b - a wand of polymorph (7)
Scrolls
 e - 2 scrolls of enchant armour {unknown}
 f - 3 scrolls of remove curse
 j - 4 scrolls of identify {unknown}
 k - 2 scrolls of teleportation {unknown}
 q - 2 scrolls of enchant weapon {unknown}
 u - a scroll of magic mapping {unknown}
 v - a scroll of immolation {unknown}
Potions
 l - a potion of heal wounds {unknown}
 m - 2 potions of agility {unknown}
 p - a potion of might {unknown}
Comestibles
 c - 6 rations
 t - a chunk of flesh


   Skills:
 + Level 4.6 Fighting
 * Level 4.8 Long Blades
 + Level 3.8 Armour
 + Level 2.8 Dodging


You had 5 spell levels left.
You didn't know any spells.
Your spell library was empty.

Dungeon Overview and Level Annotations

Branches:
Dungeon (4/15)             Temple (1/1) D:4

Altars:
Cheibriados
Dithmenos
Elyvilon
Fedhas
Gozag
Hepliaklqana
Kikubaaqudgha
Makhleb
Nemelex Xobeh
Okawaru
Ru
Sif Muna
Trog
Uskayaw
Vehumet
Wu Jian
Yredelemnul
The Shining One

Annotations:
D:4 Blork the orc


Innate Abilities, Weirdness & Mutations

You are resistant to torment.
Your stone body is resilient. (AC +4)
You are immune to poison.
You resist negative energy. (rN+)
You are resistant to electric shocks. (rElec)
You can survive without breathing.
You are immune to petrification.
You are immune to rotting.


Message History

* * * LOW HITPOINT WARNING * * *
The black bear claws you but does no damage.
Something hits you.
* * * LOW HITPOINT WARNING * * *
It was a potion of berserk rage.
You're still recovering from your berserk rage.
Something hits you but does no damage. The black bear barely misses you.
The black bear closely misses you.
The black bear claws you but does no damage.
Something hits you.
* * * LOW HITPOINT WARNING * * *
The black bear completely misses you.
The black bear claws you but does no damage.
The black bear misses you.
It was a potion of flight.
You feel very buoyant.
You fly up into the air.
Something hits you but does no damage.
The black bear bites you but does no damage.
The black bear claws you.
You die...

♣#...###.####
......##....#
.##.......#.#
.........##.##
...####.##...##
...##..##.....##
.......#.......###
..........._.....#
.......#.......#@#
..(...##.....##h#
.....>.##...##.{##
...
#.##.###...#### #.
##......##.....# #
#.......##.....#
###..%..##.....#
##.....)..####
...........##


You could see a black bear.

Vanquished Creatures
  Sigmund (D:4)
  A hound (D:4)
  An orc priest (D:3)
  Natasha (thrice) (D:2)
  Robin (D:3)
  5 worms
  3 dart slugs
  7 orcs (D:3)
  5 giant cockroaches
  11 goblins
  9 hobgoblins
  8 kobolds
  2 quokkas (D:4)
  2 ball pythons
  A bat (D:1)
  3 frilled lizards
  9 rats
72 creatures vanquished.

Notes
Turn   | Place    | Note
-------+----------+-------------------------------------------
     0 | D:1      | Borgoz the Gargoyle Berserker began the quest for the Orb.
     0 | D:1      | Reached XP level 1. HP: 14/14 MP: 1/1
   345 | D:1      | Reached XP level 2. HP: 19/19 MP: 2/2
   463 | D:1      | You fall into a shaft and drop 1 floor!
   660 | D:2      | Reached XP level 3. HP: 22/23 MP: 3/3
   902 | D:1      | Reached ** piety under Trog
  1768 | D:2      | Noticed Natasha
  1779 | D:2      | Killed Natasha
  1779 | D:2      | Reached XP level 4. HP: 5/29 MP: 4/4
  2078 | D:2      | Noticed Natasha
  2087 | D:2      | Killed Natasha
  2372 | D:2      | Noticed Natasha
  2377 | D:2      | Killed Natasha
  2377 | D:2      | Reached XP level 5. HP: 33/33 MP: 5/5
  3032 | D:3      | Noticed Robin
  3038 | D:3      | Killed Robin
  3492 | D:4      | Found a staircase to the Ecumenical Temple.
  3508 | Temple   | Entered the Ecumenical Temple
  3652 | D:4      | Found an opulent altar of Gozag.
  3672 | D:4      | Noticed Blork the orc
  3674 | D:4      | Noticed Sigmund
  3684 | D:4      | Killed Sigmund
  3684 | D:4      | Reached XP level 6. HP: 39/39 MP: 6/6
  3694 | D:4      | Noticed a black bear
  3716 | D:4      | Slain by a black bear

Levels and vault maps discovered:
D:1:      saegor_arrival_simple_d, layout_basic
D:2:      kennysheep_six_static_rooms, layout_basic, uniq_natasha
D:3:      layout_basic, uniq_robin
D:4:      layout_cave_pools, lemuel_round_altar,
          minmay_temple_entry_sparse_star, serial_bayou, serial_bayou_pond_c,
          serial_bayou_lagoon_b, serial_bayou_pond_a, serial_bayou_ford_a,
          first_ration, uniq_blork_the_orc, uniq_sigmund
Temple:   eino_narrow_crystal_temple

Skill      XL: |  1  2  3  4  5 |
---------------+----------------+-----
Long Blades    | 3 4 |  4.8
Dodging        | 2 |  2.8
Armour         | 3 |  3.8
Fighting       | 4 |  4.6

Action                   |  1- 3 |  4- 6 || total
-------------------------+-------+-------++-------
Melee: Falchion          |   103 |       ||   103
       Long sword        |     8 |   113 ||   121
Invok: Berserk           |       |     2 ||     2
       Trog's Hand       |       |     2 ||     2
  Use: Potion            |       |     6 ||     6
       Scroll            |       |     1 ||     1
 Stab: Sleeping          |     1 |       ||     1
  Eat: Chunk             |     2 |     9 ||    11
Armor: Animal skin       |    28 |       ||    28
       Skin              |       |     4 ||     4
       Scale mail        |       |    30 ||    30
       Leather armour    |       |    60 ||    60
Dodge: Dodged            |    67 |   115 ||   182
       Rpst.: Falchion   |    20 |       ||    20
       Long sword        |       |    34 ||    34

Table legend:
 A = Non-vault XP
 B = Vault XP
 C = Vault XP percentage of total XP
 D = Non-vault monster count
 E = Vault monster count
 F = Vault count percentage of total count
                 A         B        C        D         E       F
            +---------+---------+-------+---------+---------+-------
      Total |     265 |     311 |  54.0 |      56 |      16 |  22.2
            +---------+---------+-------+---------+---------+-------
        D:1 |      41 |       0 |   0.0 |      24 |       0 |   0.0
        D:2 |      82 |      51 |  38.3 |       7 |       7 |  50.0
        D:3 |      86 |      29 |  25.2 |      19 |       8 |  29.6
        D:4 |      56 |     231 |  80.5 |       6 |       1 |  14.3
            +---------+---------+-------+---------+---------+-------
